 Dungeon Crawl Stone Soup version 0.23.2-30-g0e89c35649 (webtiles) character file.

Game seed: 2208388780546043307

389 Hivemind the Destroyer (level 6, 0/32 HPs)
             Began as a Tengu Conjurer on June 10, 2019.
             Slain by a wight
             ... wielding a +3 great sword of freezing
              (9 damage)
             ... on level 6 of the Dungeon.
             The game lasted 00:18:51 (5043 turns).

Hivemind the Destroyer (Tengu Conjurer)             Turns: 5043, Time: 00:18:52

Health: 0/32       AC:  2    Str:  8    XL:     6   Next: 79%
Magic:  0/12       EV: 15    Int: 17    God:
Gold:   297        SH:  0    Dex: 15    Spells: 3/12 levels left

rFire    . . .     SeeInvis .   g - +3 dagger
rCold    . . .     Gourm    .   (no shield)
rNeg     . . .     Faith    .   a - +0 robe
rPois    .         Spirit   .   (helmet restricted)
rElec    .         Reflect  .   (no cloak)
rCorr    .         Harm     .   (no gloves)
MR       .....                  (boots unavailable)
Stlth    ++........             (no amulet)
HPRegen  0.10/turn              (no ring)
MPRegen  0.13/turn              (no ring)

@: flying quickly and evasively, quick
A: beak, talons 3, able to fly
a: Stop Flying


You were on level 6 of the Dungeon.
You were hungry.

You visited 1 branch of the dungeon, and saw 6 of its levels.
You also visited: Sewer.

You collected 297 gold pieces.

Inventory:

Hand Weapons
 g - a +3 dagger (weapon)
Missiles
 p - 150 stones (quivered)
Armour
 a - a +0 robe (worn)
Scrolls
 i - 7 scrolls of teleportation {unknown}
 j - 4 scrolls of remove curse {unknown}
 n - a scroll of enchant armour {unknown}
 o - a scroll of blinking {unknown}
 q - 2 scrolls of identify {unknown}
 s - a scroll of immolation {unknown}
Potions
 b - a potion of brilliance {unknown}
 d - a potion of flight {unknown}
 e - a potion of ambrosia {unknown}
 f - a potion of cancellation {unknown}
 h - 6 potions of curing
 k - a potion of might {unknown}
 l - 2 potions of degeneration {unknown}
 m - 3 potions of heal wounds {unknown}
 r - a potion of mutation {unknown}
 t - a potion of experience {unknown}
 u - a potion of lignification {unknown}
 v - a potion of agility {unknown}
 w - a potion of resistance {unknown}
Comestibles
 c - 5 rations


   Skills:
 - Level 2.1 Dodging
 - Level 2.0 Stealth
 - Level 3.8 Spellcasting
 + Level 9.2 Conjurations


You had 3 spell levels left.
You knew the following spells:

 Your Spells              Type           Power        Failure   Level  Hunger
a - Magic Dart            Conj           ####         1%          1    None
b - Dazzling Spray        Conj/Hex       ###...       8%          3    ###....
c - Confusing Touch       Hex            #.....       16%         1    None
d - Iskenderun's Mystic   Conj           ####....     3%          4    ####...

Your spell library contained the following spells:

 Spells                   Type           Power        Failure   Level  Hunger
 Searing Ray              Conj           ####..       1%          2    ##.....
 Confuse                  Hex            #.......     43%         3    ###....
 Gell's Gravitas          Tloc           #.........   43%         3    ###....
 Force Lance              Conj/Tloc      ###.....     24%         4    ####...
 Fulminant Prism          Conj/Hex       ###.......   24%         4    ####...
 Petrify                  Tmut/Erth      #.......     85%         4    ####...
 Metabolic Englaciation   Hex/Ice        #.........   99%         5    ######.
 Yara's Violent Unravell  Hex/Tmut       #.........   99%         5    ######.


Dungeon Overview and Level Annotations

Branches:
Dungeon (6/15)
 Temple: D:4-7

Altars:
Fedhas
Qazlal
Ru
Trog

Annotations:
D:5 exclusions: centaur and sky beast, Dowan, Duvessa, Sigmund


Innate Abilities, Weirdness & Mutations

You have a beak for a mouth.
You have claws for feet.
You can fly continuously.


Message History

Aim: a wight, wielding a +3 war axe and wearing a +0 robe (almost destroyed)
The magic dart hits the wight.
You destroy the wight!
Your Conjurations skill increases to level 9!
The wight hits you with a +3 great sword of freezing!
The wight freezes you.
* * * LOW HITPOINT WARNING * * *
Casting: Magic Dart (safe; 1% risk of failure)
Confirm with . or Enter, or press ? or * to list all spells.
Aiming: Magic Dart (safe; 1% risk of failure)
Press: ? - help, Shift-Dir - straight line, f - wight
Aim: a wight, wielding a +3 great sword of freezing and wearing a +0 robe The magic dart hits the wight but does no damage.
The wight misses you.
You are too injured to fight recklessly!
You are too injured to fight recklessly!
You are too injured to fight recklessly!
You completely miss the wight.
The wight hits you with a +3 great sword of freezing!
You die...

.. #. # #.##
.##
#####..###..
##.........#
...........#
...........##..
.......@.......
......)z.....#.
.....).....#>..
...........# #
......######
.....# .....
.....


You could see a wight.

Vanquished Creatures
  A bullfrog (D:4)
  A scorpion (D:5)
  2 wights (D:6)
  2 worker ants (D:4)
  5 adders
  3 worms (D:3)
  3 dart slugs
  2 leopard geckos
  7 orcs
  4 ball pythons
  2 bats (D:1)
  4 giant cockroaches
  11 goblins
  6 hobgoblins
  2 jackals (D:5)
  8 frilled lizards
  7 kobolds
  A quokka skeleton (D:4)
  10 rats
81 creatures vanquished.

Notes
Turn   | Place    | Note
-------+----------+-------------------------------------------
     0 | D:1      | Hivemind the Tengu Conjurer began the quest for the Orb.
     0 | D:1      | Reached XP level 1. HP: 10/10 MP: 4/4
   175 | D:1      | Reached XP level 2. HP: 15/15 MP: 0/6
   854 | D:2      | Found a faded altar of an unknown god.
  1005 | D:2      | Reached XP level 3. HP: 17/19 MP: 1/7
  1088 | D:2      | Reached skill level 6 in Conjurations
  1463 | D:2      | Learned a level 3 spell: Dazzling Spray
  1566 | D:2      | Reached XP level 4. HP: 24/24 MP: 6/10
  1693 | D:2      | Found a bloodstained altar of Trog.
  1787 | D:2      | Found a stormy altar of Qazlal.
  2456 | D:3      | Found a glowing drain.
  2511 | D:3      | Gained mutation: You can fly continuously. [Tengu growth]
  2511 | D:3      | Reached XP level 5. HP: 18/28 MP: 1/11
  2542 | Sewer    | Entered a sewer
  2615 | Sewer    | Learned a level 1 spell: Confusing Touch
  2680 | Sewer    | Noticed Purgy
  3636 | D:4      | Reached skill level 7 in Conjurations
  3827 | D:4      | Reached skill level 8 in Conjurations
  3827 | D:4      | Reached XP level 6. HP: 13/32 MP: 2/12
  4165 | D:4      | Learned a level 4 spell: Iskenderun's Mystic Blast
  4476 | D:5      | Entered Level 5 of the Dungeon
  4487 | D:5      | Found a blossoming altar of Fedhas.
  4498 | D:5      | Found a sacrificial altar of Ru.
  4589 | D:5      | Noticed Duvessa
  4914 | D:5      | Noticed a sky beast
  4918 | D:5      | Noticed Sigmund
  4985 | D:5      | Noticed Dowan
  5041 | D:6      | Reached skill level 9 in Conjurations
  5043 | D:6      | Slain by a wight

Skill      XL: |  1  2  3  4  5  6 |
---------------+-------------------+-----
Conjurations   | 6 8 9 |  9.2
Spellcasting   | 3 |  3.8
Dodging        | |  2.1
Stealth        | |  2.0

Action                   |  1- 3 |  4- 6 || total
-------------------------+-------+-------++-------
Melee: Dagger            |     2 |     2 ||     4
       Kick              |     1 |       ||     1
 Cast: Magic Dart        |    69 |   133 ||   202
       Dazzling Spray    |       |     3 ||     3
 Abil: Fly               |       |     1 ||     1
  Use: Potion            |       |     1 ||     1
  Eat: Chunk             |     3 |     6 ||     9
       Ration            |       |     1 ||     1
Armor: Robe              |       |     5 ||     5
Dodge: Dodged            |    10 |    25 ||    35
